 Dungeon Crawl Stone Soup version 0.30-a0-305-g026cb31310 (webtiles) character file.

Game seed: 5880549882144393693

21356 Powertoast the Grappler (level 12, -4/126 HPs)
             Began as a Troll Gladiator on Oct 22, 2022.
             Was a High Priest of Okawaru.
             Slain by a polar bear (9 damage)
             ... on level 3 of the Lair of Beasts.
             The game lasted 00:51:34 (10679 turns).

Powertoast the Grappler (Troll Gladiator)          Turns: 10679, Time: 00:51:35

Health: -4/126     AC:  9    Str: 28    XL:     12   Next: 53%
Magic:  25/26      EV: 12    Int:  4    God:    Okawaru [*****.]
Gold:   313        SH: 21    Dex: 17    Spells: 11/11 levels left

rFire   + + .      SeeInvis .      - Unarmed
rCold   . . .      Faith    +    k - +2 tower shield
rNeg    + + .      Spirit   .    o - +0 steam dragon scales
rPois   .          Reflect  .    Q - +1 hat of Weirdness {rF+ rN++ Str+3 Dex-4}
rElec   .          Harm     .    (no cloak)
rCorr   +          Rampage  .    (gloves unavailable)
Will    .....      Clarity  +    (boots unavailable)
Stlth   +++.......               C
                                   - Hermit's Pendant {Faith Invo=14 Evo=0 MP+5}
HPRegen 1.21/turn                O - ring of resist corrosion
MPRegen 0.20/turn                n - +6 ring of dexterity

@: lethally poisoned (-4 -> -5), about to teleport, heroic, studying Polearms
A: large, unfitting armour, claws 3, regeneration 1, shaggy fur 1, tough skin 1,
antennae 1, fangs 1, clarity, fire resistance 1
a: Renounce Religion, Heroism, Finesse, Duel


You were on level 3 of the Lair of Beasts.
You worshipped Okawaru.
Okawaru was extremely pleased with you.
You visited 2 branches of the dungeon, and saw 11 of its levels.
You also visited: Gauntlet.

You collected 501 gold pieces.
You spent 188 gold pieces at shops.

Inventory:

Hand Weapons
 Y - a +6 scimitar of holy wrath
Missiles
 c - 4 throwing nets
 d - 6 large rocks
 r - 15 poisoned darts (quivered)
 F - 2 datura-tipped darts
 R - 7 boomerangs
 X - 4 javelins
Armour
 k - a +2 tower shield (worn)
 o - +0 steam dragon scales (worn)
 Q - the +1 hat of Weirdness (worn) {rF+ rN++ Str+3 Dex-4}
   (Okawaru gifted it to you on level 8 of the Dungeon)

   Str:       It affects your strength (+3).
   Dex:       It affects your dexterity (-4).
   rF:        It protects you from fire.
   rN:        It greatly protects you from negative energy.
 T - the +1 hat of the Garden {rN++ Stlth+}
   (You found it in a Gauntlet)

   rN:        It greatly protects you from negative energy.
   Stlth:     It makes you more stealthy.
 U - the +0 robe of Temperance {Rampage Str+2}
   (Okawaru gifted it to you in a Gauntlet)

   Str:       It affects your strength (+2).
   Rampage:   It bestows one free step when moving towards enemies.
Jewellery
 e - a ring of see invisible
 g - an amulet of guardian spirit
 j - an amulet of magic regeneration
 n - a +6 ring of dexterity (right claw)
 C - the Hermit's Pendant (around neck) {Faith Invo=14 Evo=0 MP+5}
   (You found it on level 5 of the Dungeon)

   [amulet of faith]

   It sets your invocations skill to 14 and your evocations skill to 0.
   It allows you to gain divine favour quickly.
   MP:        It affects your magic capacity (+5).
 M - the ring of Torchesm {Fly rF+ rCorr Dex-3}
   (You found it in a Gauntlet)

   [ring of protection from fire]

   Dex:       It affects your dexterity (-3).
   rF:        It protects you from fire.
   Fly:       It grants you flight.
   rCorr:     It protects you from acid and corrosion.
 O - a ring of resist corrosion (left claw)
 S - an amulet of the acrobat
 V - a ring of protection from cold
 Z - a ring of poison resistance
Wands
 y - a wand of paralysis (24)
 G - a wand of mindburst (16)
 I - a wand of flame (16)
 P - a wand of iceblast (9)
Scrolls
 a - a scroll of acquirement {unknown}
 b - a scroll of blinking {unknown}
 f - a scroll of brand weapon
 i - 2 scrolls of fear
 l - 3 scrolls of fog
 p - 4 scrolls of teleportation
 t - 3 scrolls of poison
 z - 2 scrolls of silence
 A - a scroll of vulnerability {unknown}
 D - a scroll of magic mapping {unknown}
 E - 2 scrolls of immolation
 H - a scroll of amnesia {unknown}
 J - 5 scrolls of enchant weapon
Potions
 m - 3 potions of mutation
 q - 3 potions of attraction
 s - a potion of lignification
 u - a potion of resistance
 v - a potion of might
 w - a potion of invisibility {unknown}
 x - 5 potions of curing
 B - a potion of brilliance {unknown}
 K - a potion of flight {unknown}
 L - 2 potions of heal wounds {unknown}
 N - a potion of berserk rage {unknown}
Miscellaneous
 W - a tin of tremorstones (2/2)


   Skills:
 - Level 10.0(15.0) Fighting
 + Level 9.0(14.0) Throwing
 - Level 2.4(7.4) Dodging
 - Level 9.0(14.0) Shields
 - Level 12.0(17.0) Unarmed Combat


You had 11 spell levels left.
You didn't know any spells.
Your spell library contained the following spells:

 Spells                   Type           Power      Damage    Failure   Level
 Sandblast                Erth           0%         2d4       86%         1
 Passwall                 Tmut/Erth      0%         N/A       94%         2
 Stone Arrow              Conj/Erth      0%         3d7       99%         3
 Passage of Golubria      Tloc           0%         N/A       100%        4
 Yara's Violent Unravell  Hex/Tmut       0%         3d3       100%        5
 Tukima's Dance           Hex            Unusable   N/A       N/A         3

Dungeon Overview and Level Annotations

Branches:
Dungeon (8/15)             Temple (0/1) D:6            Lair (3/5) D:8
  Swamp (0/4) Lair:3       Spider (0/4) Lair:2      Gauntlet (visited)

Altars:
Cheibriados
Fedhas
Okawaru

Shops:
D:3 *   D:5 [*?=!   D:6 *   D:8 *


Innate Abilities, Weirdness & Mutations

You are too large for most types of armour.
You have claws for hands.
Your natural rate of healing is unusually fast.
You are covered in fur. (AC +1)
You have tough skin. (AC +1)
You have a pair of small antennae on your head.
You have very sharp teeth.
You possess an exceptional clarity of mind.
Your flesh is heat resistant. (rF+)


Message History

* * * LOW HITPOINT WARNING * * *
The polar bear claws you but does no damage.
You block the polar bear's attack.
A polar bear comes into view.
The cane toad stings you.
* * * LOW HITPOINT WARNING * * *
You gain the combat prowess of a mighty hero.
You feel sick. You block the polar bear's attack. x2
The polar bear closely misses you.
The cane toad stings you but does no damage.
Okay, then.
As you read the scroll of teleportation, it crumbles to dust.
You feel strangely unstable.
You feel sick. You block the polar bear's attack. x2
The polar bear claws you but does no damage.
The polar bear barely misses you. You block the polar bear's attack.
The polar bear barely misses you. You block the cane toad's attack.
You scratch the cane toad.
The cane toad is lightly wounded.
You feel sick. You block the cane toad's attack.
You block the polar bear's attack.
The polar bear claws you but does no damage.
The polar bear claws you.
* * * LOW HITPOINT WARNING * * *
A polar bear comes into view.
The polar bear bites you!
* * * LOW HITPOINT WARNING * * *
You block the polar bear's attack. The polar bear barely misses you.
The polar bear growls angrily.
You mangle the cane toad!!
The cane toad is almost dead.
The cane toad stings you!!
* * * LOW HITPOINT WARNING * * *
You block the polar bear's attack. x3; The polar bear misses you.
The polar bear claws you but does no damage.
You block the polar bear's attack.
You eviscerate the cane toad!!!
You kill the cane toad!
Okawaru accepts your kill.
You feel sick. The polar bear bites you!
You die...

# ## ...##..##.P ###
#..#.Ph...## #..###
##.....P##..##......
#P..P...PP.........#
#...h.....#...#....
.....§P#..<.......
#)hh§##.##.....#
#§@§#.## .#....
##§§§##.#.......
#.§.§§..........
........#####...#Y
##.#P.#.# #.#
###.P### PP #.. ...
#..#


You could see 4 polar bears.

Vanquished Creatures
  A minotaur (Gauntlet)
  A hydra (D:8)
  The ghost of porpoise the Spear-Bearer, a novice DsGl of Yredelemnul (D:8)
  2 thrashing horrors (Gauntlet)
  Nergalle (Lair:2)
  A fire crab (Gauntlet)
  Pikel (D:5)
  An oklob plant (Gauntlet)
  A will-o-the-wisp (Lair:3)
  A cane toad (Lair:3)
  3 komodo dragons
  A meliai (Lair:2)
  Grinder (D:5)
  2 hornets
  16 blink frogs
  4 fire bats (Gauntlet)
  Eustachio (D:5)
  6 wyverns
  25 yaks
  A steam dragon (D:7)
  Menkaure (D:5)
  2 acid dragons
  11 water moccasins
  5 black bears
  A sky beast (D:8)
  3 orc warriors
  2 ice beasts
  An ogre (D:5)
  2 centaurs (D:8)
  17 wolves
  A lemure (D:5)
  A phantom (D:7)
  2 kobold brigands
  5 bullfrogs
  A gnoll sergeant (D:8)
  2 scorpions
  4 killer bees (Lair:2)
  3 howler monkeys (D:8)
  3 jellies
  3 quasits (D:3)
  6 hounds
  A gnoll bouda (D:8)
  3 orc priests
  The ghost of baller8008 the Sneak, a weakling FeEn of Fedhas (D:3)
  Jessica (D:3)
  Terence (D:3)
  4 iguanas
  4 orc wizards
  2 small abominations (Gauntlet)
  8 gnolls
  10 adders
  2 shadow imps
  A white imp (D:7)
  An ufetubus (D:5)
  2 worms
  5 dart slugs
  14 orcs
  10 endoplasms
  4 giant cockroaches
  7 goblins
  7 hobgoblins
  5 jackals
  20 kobolds
  3 quokkas (D:4)
  6 ball pythons
  A bat (D:1)
  3 frilled lizards
  3 rats
276 creatures vanquished.

Vanquished Creatures (others)
  A gnoll bouda (D:8)
  A gnoll (D:8)
  12 fungi
  25 plants
39 creatures vanquished.

Grand Total: 315 creatures vanquished

Notes
Turn   | Place    | Note
-------+----------+-------------------------------------------
     0 | D:1      | Powertoast the Troll Gladiator began the quest for the Orb.
     0 | D:1      | Reached XP level 1. HP: 19/19 MP: 0/0
    69 | D:1      | Reached XP level 2. HP: 26/27 MP: 1/1
   248 | D:1      | Reached skill level 4 in Unarmed Combat
   388 | D:1      | Reached XP level 3. HP: 23/33 MP: 0/2
  1104 | D:2      | Reached XP level 4. HP: 41/41 MP: 3/3
  1107 | D:2      | Reached skill level 5 in Unarmed Combat
  1312 | D:2      | Found a faded altar of an unknown god.
  1536 | D:3      | Found Raerph's Assorted Antiques.
  1540 | D:3      | Bought a fizzy inky potion for 19 gold pieces
  1540 | D:3      | Bought a scroll labelled XADITIOJUN for 22 gold pieces
  1540 | D:3      | Bought a bubbling silvery potion for 19 gold pieces
  1540 | D:3      | Bought a scroll labelled MORCHI VIMIAWEOW for 22 gold
                  | pieces
  1598 | D:3      | Noticed Terence
  1606 | D:3      | Killed Terence
  1607 | D:3      | Reached XP level 5. HP: 40/48 MP: 4/4
  1737 | D:3      | Noticed Jessica
  1742 | D:3      | Killed Jessica
  1743 | D:3      | Reached skill level 6 in Unarmed Combat
  1970 | D:3      | Noticed baller8008's ghost (weakling FeEn)
  1983 | D:3      | Found a transporter.
  2008 | D:3      | Killed baller8008's ghost
  2010 | D:3      | Gained mutation: Your flesh is heat resistant. (rF+)
                  | [potion of mutation]
  2010 | D:3      | Gained mutation: You possess an exceptional clarity of
                  | mind. [potion of mutation]
  2010 | D:3      | Gained mutation: You have a pair of small antennae on your
                  | head. [potion of mutation]
  2010 | D:3      | Gained mutation: You have very sharp teeth. [potion of
                  | mutation]
  2013 | D:3      | Reached XP level 6. HP: 32/55 MP: 2/5
  2020 | D:3      | Reached skill level 7 in Unarmed Combat
  2048 | D:3      | Found a transporter.
  2822 | D:3      | Bought 2 scrolls labelled TUIREB WIGH for 44 gold pieces
  3266 | D:4      | Found a blossoming altar of Fedhas.
  3266 | D:4      | Found an iron altar of Okawaru.
  3326 | D:5      | Entered Level 5 of the Dungeon
  3383 | D:4      | Became a worshipper of Warmaster Okawaru
  3445 | D:5      | Noticed Menkaure
  3448 | D:5      | Killed Menkaure
  3449 | D:5      | Reached XP level 7. HP: 66/66 MP: 6/6
  3483 | D:5      | Reached skill level 8 in Unarmed Combat
  3485 | D:5      | Noticed Grinder
  3485 | D:5      | Found the Hermit's Pendant {Faith Invo=14 Evo=0 MP+5}
  3493 | D:5      | Killed Grinder
  3665 | D:5      | Found Erotis's Assorted Antiques.
  3692 | D:5      | Reached * piety under Okawaru
  3697 | D:5      | Found Jenist's Jewellery Shop.
  3707 | D:5      | Bought a scroll of identify for 38 gold pieces
  3760 | D:5      | Noticed Eustachio
  3766 | D:5      | Killed Eustachio
  3767 | D:5      | Reached skill level 9 in Unarmed Combat
  3767 | D:5      | Reached XP level 8. HP: 78/78 MP: 17/17
  3855 | D:5      | Found Qimacwec's Magic Scroll Shoppe.
  3863 | D:5      | Bought a scroll of identify for 24 gold pieces
  3869 | D:5      | Noticed Pikel
  3885 | D:5      | Killed Pikel
  3885 | D:5      | Reached ** piety under Okawaru
  3886 | D:5      | Reached skill level 5 in Fighting
  3886 | D:5      | Reached skill level 10 in Unarmed Combat
  3905 | D:5      | Found Toijumej's Distillery.
  3959 | D:5      | Found Vaerhes's Antique Armour Boutique.
  4211 | D:6      | Found a snail-covered altar of Cheibriados.
  4273 | D:6      | Reached *** piety under Okawaru
  4274 | D:6      | Reached XP level 9. HP: 76/89 MP: 18/18
  4364 | D:6      | Found a staircase to the Ecumenical Temple.
  4513 | D:6      | Found Utuet's Neck Hole.
  4992 | D:7      | Reached **** piety under Okawaru
  5004 | D:7      | Paralysed by a hornet for 2 turns
  5006 | D:7      | HP: 2/93 [orc/+0 hand axe (3)]
  6517 | D:8      | Noticed porpoise's ghost (novice DsGl)
  6517 | D:8      | Found a runed translucent door.
  6535 | D:8      | Reached skill level 5 in Throwing
  6539 | D:8      | Reached skill level 1 in Shields
  6563 | D:8      | Reached XP level 10. HP: 96/104 MP: 19/19
  6630 | D:8      | Found a staircase to the Lair.
  6636 | D:8      | Reached ***** piety under Okawaru
  6649 | D:8      | Received a gift from Okawaru
  6660 | D:8      | Found Raczod's Demolitions Depot.
  6765 | D:8      | Reached skill level 5 in Shields
  7088 | D:8      | Noticed a six-headed hydra
  7095 | D:8      | Killed a six-headed hydra
  7319 | D:8      | Identified the +1 hat of Weirdness {rF+ rN++ Str+3 Dex-4}
                  | (Okawaru gifted it to you on level 8 of the Dungeon)
  7319 | D:8      | Received a gift from Okawaru
  7480 | D:8      | Killed porpoise's ghost
  7481 | D:8      | Reached XP level 11. HP: 111/111 MP: 20/20
  7522 | Lair:1   | Entered Level 1 of the Lair of Beasts
  7970 | Lair:1   | Reached skill level 11 in Unarmed Combat
  8091 | Lair:1   | Identified the +2 robe of the First Snow {*Slow rPois rN+
                  | rCorr}
  8148 | Lair:1   | Identified the +5 scimitar "Fiskop" {holy, rPois Str+3
                  | Int+4} (Okawaru gifted it to you on level 1 of the Lair of
                  | Beasts)
  8148 | Lair:1   | Received a gift from Okawaru
  9142 | Lair:2   | Noticed Nergalle
  9159 | Lair:2   | Killed Nergalle
  9159 | Lair:2   | Reached ****** piety under Okawaru
  9167 | Lair:2   | Received a gift from Okawaru
  9189 | Lair:2   | Reached skill level 12 in Unarmed Combat
  9199 | Lair:2   | Reached XP level 12. HP: 115/126 MP: 21/21
  9200 | Lair:2   | Reached skill level 10 in Fighting
  9210 | Lair:2   | Received a gift from Okawaru
  9334 | Lair:2   | Found a hole to the Spider Nest.
  9346 | Lair:2   | Found a gate leading to a gauntlet.
  9389 | Gauntlet | Entered a Gauntlet
  9389 | Gauntlet | Found a transporter.
  9409 | Gauntlet | Found a transporter.
  9411 | Gauntlet | Found a transporter.
  9419 | Gauntlet | Found a runed translucent gate.
  9419 | Gauntlet | Found a runed translucent gate.
  9419 | Gauntlet | Found a runed translucent gate.
  9422 | Gauntlet | Found a transporter.
  9425 | Gauntlet | Found a transporter.
  9433 | Gauntlet | Found a transporter.
  9449 | Gauntlet | Found a transporter.
  9462 | Gauntlet | Found a transporter.
  9470 | Gauntlet | Found a runed translucent door.
  9473 | Gauntlet | Found a transporter.
  9474 | Gauntlet | Found a runed translucent door.
  9488 | Gauntlet | Found a transporter.
  9488 | Gauntlet | Found a transporter.
  9502 | Gauntlet | Found a transporter.
  9528 | Gauntlet | Found a transporter.
  9528 | Gauntlet | Found a transporter.
  9627 | Gauntlet | Identified the ring of Torchesm {Fly rF+ rCorr Dex-3}
  9702 | Gauntlet | Identified the +0 robe of Temperance {Rampage Str+2}
                  | (Okawaru gifted it to you in a Gauntlet)
  9702 | Gauntlet | Received a gift from Okawaru
  9717 | Gauntlet | Identified the +1 hat of the Garden {rN++ Stlth+}
  9824 | Gauntlet | Noticed a minotaur
  9831 | Gauntlet | Killed a minotaur
 10655 | Lair:3   | Found a staircase to the Swamp.
 10678 | Lair:3   | HP: 5/126 [cane toad (20)]
 10679 | Lair:3   | Slain by a polar bear

Illustrated notes

Levels and vault maps discovered:
D:1:      heliophobic_arrival_glass_houses, layout_basic, chequers_big_river
D:2:      layout_rooms, nicolae_ecumenical_lake_church
D:3:      cheibrodos_thug_alley, layout_basic, gammafunk_ghost_stat_death,
          serial_shops, nicolae_shop_hallway_stairs, uniq_terence, uniq_jessica
D:4:      layout_loops_ring, amethyst_overflow_temple_binary, serial_aquarium,
          aquarium_bridge_square [aquarium_subvault_bridge,
          aquarium_subvault_window, aquarium_subvault_wall,
          aquarium_subvault_balcony], aquarium_window_fake,
          aquarium_window_fake, aquarium_window_fake, aquarium_window_1,
          aquarium_view_2g, aquarium_view_2b, aquarium_balcony_5b,
          kennysheep_minor_cross
D:5:      layout_rooms, serial_shops, nicolae_shop_hallway_stairs,
          nicolae_shop_trees, nicolae_shop_crystal, shop, nicolae_diamond_shop,
          uniq_pikel, uniq_grinder, uniq_menkaure, uniq_eustachio
D:6:      layout_loops_ring, kennysheep_little_box,
          minmay_temple_entry_drinking_statues,
          nicolae_shop_sticking_my_neck_out, uniq_crazy_yiuf_cottage
D:7:      layout_layer_cave
D:8:      cheibrodos_barr_body, layout_rooms, minmay_lair_entry_grove,
          hellmonk_ghost_happy_afterlife, minmay_misc_feat_rows,
          nicolae_benzene_ring, st_stairs_3, minmay_misc_feat_five,
          nicolae_blasting_shop
Lair:1:   layout_layer_cave
Lair:2:   layout_long_grid, hellmonk_spider_entry_not_the_bees,
          gauntlet_entry_generic, grunt_megastairs_2,
          infiniplex_staircase_pool_2, lemuel_fruit_tree, serial_bayou_shore_b,
          uniq_nergalle
Lair:3:   layout_loops_ring, minmay_swamp_entry_wisps, nzn_ghost_randoct,
          portal_ice_cave_entry_pillars_2, cheibrodos_lair_lostbears

Skill      XL: |  1  2  3  4  5  6  7  8  9 10 11 12 |
---------------+-------------------------------------+-----
Unarmed Combat | 4 5 6 7 9 10 12 | 12.0
Fighting       | 2 4 5 8 9 10 | 10.0
Throwing       | 2 5 9 |  9.0
Shields        | 2 8 9 |  9.0
Dodging        | |  2.4

Action                   |  1- 3 |  4- 6 |  7- 9 | 10-12 || total
-------------------------+-------+-------+-------+-------++-------
Melee: Unarmed           |    88 |   143 |   199 |   451 ||   881
       Punch             |     1 |     4 |     4 |       ||     9
       Bite              |       |     3 |    24 |    51 ||    78
Throw: Large rock        |       |     1 |     8 |     5 ||    14
       Dart              |       |       |     1 |     7 ||     8
Invok: Heroism           |       |       |     1 |     9 ||    10
       Finesse           |       |       |       |     7 ||     7
  Use: Scroll            |       |     7 |     5 |     9 ||    21
       Potion            |       |     2 |     2 |     3 ||     7
 Stab: Sleeping          |     2 |       |     4 |     2 ||     8
Armor: Robe              |    30 |    66 |    32 |       ||   128
       Steam dragon scal |       |       |    13 |   106 ||   119
Dodge: Dodged            |    40 |    93 |    97 |   162 ||   392
Block: Tower shield      |       |       |    21 |   479 ||   500

Table legend: (Time is in decaauts)
 A = Elapsed time spent in this place.
 B = Non-inter-level travel time spent in this place.
 C = Inter-level travel time spent in this place.
 D = Time resting spent in this place.
 E = Time spent auto-exploring this place.
 F = Levels seen in this place.
 G = Mean time per level.
                   A        B        C        D        E       F      G
               +--------+--------+--------+--------+--------+-----+--------+
         Total |  10629 |  10054 |    575 |    467 |   7334 |  12 |  885.8 |
       Dungeon |   7742 |   7225 |    517 |    284 |   5332 |   8 |  967.8 |
          Lair |   2370 |   2313 |     57 |    131 |   1730 |   3 |  790.0 |
      Gauntlet |    516 |    516 |      0 |     52 |    272 |   1 |  516.0 |
               +--------+--------+--------+--------+--------+-----+--------+

Top non-repeatable levels by time:
     D:7: 1459 daAuts
  Lair:1: 1400 daAuts
     D:8: 1225 daAuts
     D:3: 984 daAuts
     D:6: 968 daAuts
  Lair:2: 942 daAuts
     D:1: 940 daAuts
     D:4: 915 daAuts
     D:5: 647 daAuts
     D:2: 601 daAuts
Gauntlet: 516 daAuts
  Lair:3: 28 daAuts
